 Dungeon Crawl Stone Soup version 0.27.1-2-g3b301248ec (webtiles) character file.

Game seed: 6919826050189186742

5464 jlumianski the Cleaver (level 10, -5/91 HPs)
             Began as a Deep Dwarf Fighter on Oct 4, 2021.
             Was a Believer of Makhleb.
             Slain by a two-headed ogre (8 damage)
             ... on level 9 of the Dungeon.
             The game lasted 00:50:28 (7872 turns).

jlumianski the Cleaver (Deep Dwarf Fighter)         Turns: 7872, Time: 00:50:29

Health: -5/91      AC: 15    Str: 23    XL:     10   Next: 41%
Magic:  2/2        EV: 12    Int:  9    God:    Makhleb [**....]
Gold:   141        SH: 11    Dex: 12    Spells: 9/9 levels left

rFire    . . .     SeeInvis .   z - +3 dagger (vamp)
rCold    . . .     Faith    .   c - +0 kite shield
rNeg     + . .     Spirit   .   I - +0 acid dragon scales
rPois    .         Reflect  .   y - +0 helmet
rElec    .         Harm     .   F - +0 cloak
rCorr    +         Rampage  .   o - +2 pair of gloves {Stlth+}
Will     ++...                  G - +0 pair of boots
Stlth    ++........             (no amulet)
HPRegen  0.00/turn              C - ring of positive energy
MPRegen  0.08/turn              M - ring of willpower

@: no status effects
A: damage resistance, heal wounds, sense surroundings 2, no regeneration
a: Heal Wounds, Renounce Religion, Minor Destruction


You were on level 9 of the Dungeon.
You worshipped Makhleb.
Makhleb was pleased with you.
You visited 2 branches of the dungeon, and saw 10 of its levels.

You collected 350 gold pieces.
You spent 209 gold pieces at shops.

Inventory:

Hand Weapons
 a - a +0 war axe of flaming
 n - a +4 hunting sling
 s - a +4 quarterstaff of chaos
 u - a +4 spear of venom
 z - a +3 vampiric dagger (weapon)
Missiles
 g - 165 stones
 j - a throwing net
 p - 17 poisoned darts (quivered)
 x - 7 sling bullets
 P - 22 bolts
Armour
 b - a +0 scale mail
 c - a +0 kite shield (worn)
 o - a +2 pair of gloves of stealth (worn)
 t - a +0 cloak
 y - a +0 helmet (worn)
 D - a +0 buckler
 F - a +0 cloak (worn)
 G - a +0 pair of boots (worn)
 I - +0 acid dragon scales (worn)
 R - a +0 pair of gloves
Jewellery
 q - a ring of fire
 C - a ring of positive energy (left hand)
 M - a ring of willpower (right hand)
 S - a ring of protection from cold
Wands
 A - a wand of digging (4)
 J - a wand of flame (41)
 K - a wand of polymorph (18)
 N - a wand of iceblast (6)
 Q - a wand of paralysis (5)
Scrolls
 f - 3 scrolls of enchant weapon
 r - 2 scrolls of amnesia
 E - 2 scrolls of magic mapping
 L - a scroll of teleportation
Potions
 d - 2 potions of might
 e - a potion of curing
 h - 2 potions of cancellation
 i - a potion of invisibility
 k - 4 potions of heal wounds
 l - a potion of flight
 m - a potion of ambrosia
 v - a potion of haste
 w - a potion of lignification
 B - a potion of attraction
 O - a potion of mutation {unknown}


   Skills:
 + Level 5.9 Fighting
 + Level 5.4 Short Blades
 + Level 8.4 Axes
 + Level 2.9(3.1) Slings
 + Level 1.0(1.8) Throwing
 + Level 7.6 Armour
 + Level 6.4 Dodging
 + Level 2.0 Stealth
 - Level 6.5 Shields
 + Level 0.8 Evocations


You had 9 spell levels left.
You didn't know any spells.
Your spell library contained the following spells:

 Spells                   Type           Power      Damage    Failure   Level
 Ignite Poison            Fire/Tmut/Pois 0%         N/A       99%         3
 Inner Flame              Hex/Fire       0%         N/A       99%         3
 Mephitic Cloud           Conj/Pois/Air  0%         N/A       99%         3
 Stone Arrow              Conj/Erth      0%         3d7       99%         3
 Cause Fear               Hex            0%         N/A       100%        4
 Olgreb's Toxic Radiance  Pois           0%         N/A       100%        4
 Bolt of Magma            Conj/Fire/Erth 0%         4d4       100%        5
 Freezing Cloud           Conj/Ice/Air   0%         6-21      100%        5
 Simulacrum               Ice/Necr       0%         N/A       100%        6
 Ozocubu's Refrigeration  Ice            0%         4d5       100%        7
 Discord                  Hex            0%         N/A       100%        8
 Ignition                 Fire           0%         3d3       100%        8
 Polar Vortex             Ice            0%         N/A       100%        9
 Shatter                  Erth           0%         3d5*      100%        9


Dungeon Overview and Level Annotations

Branches:
Dungeon (9/15)             Temple (1/1) D:4
   Lair: D:8-11         Orc: D:9-12

Altars:
Dithmenos
Elyvilon
Fedhas
Gozag
Kikubaaqudgha
Makhleb
Okawaru
Ru
Trog
Uskayaw
Vehumet
Wu Jian
Xom

Shops:
D:3 [   D:7 =*[!


Innate Abilities, Weirdness & Mutations

You are resistant to damage.
You can heal yourself by infusing magical energy.
You passively map the area around you.
You do not regenerate.


Message History

You hit the yak. You burn the yak.
The yak is lightly wounded.
The yak gores you but does no damage.
You slash the yak! You burn the yak.
The yak is severely wounded.
You block the yak's attack. The yak completely misses you.
You hit the yak. You burn the yak.
The yak is almost dead.
You block the yak's attack.
You hit the yak. You burn the yak.
You kill the yak!
Makhleb accepts your kill.
There is a stone staircase leading down, spattered with blood here.
You climb downwards.
There is a stone staircase leading up, spattered with blood here.
Okay, then.
Unknown command.
Unknown command.
Unknown command.
Unknown command.
There is a stone staircase leading up, spattered with blood here.
There is a stone staircase leading down here.
Found a dwarf skeleton.
Found an orc skeleton.
You see here a dwarf skeleton.
Found a dwarf skeleton.
A two-headed ogre comes into view.
It is wielding two +0 giant spiked clubs.
Found a throwing net.
Your +0 war axe of flaming stops flaming.
You feel a sense of dread.
z - a +3 vampiric dagger (weapon)
The two-headed ogre shouts in stereo!
The two-headed ogre closely misses you.
The two-headed ogre hits you with a +0 giant spiked club!
* * * LOW HITPOINT WARNING * * *
You hit the two-headed ogre but do no damage.
The two-headed ogre hits you with a +0 giant spiked club!
* * * LOW HITPOINT WARNING * * *
The two-headed ogre hits you with a +0 giant spiked club!
You die...

#.# #≈≈≈≈≈ #.#
###≈≈≈≈≈
#.###≈≈≈≈≈≈≈
#.#≈≈≈≈≈....
#........... #####
###<........ #..÷#
##.##...... #O☼÷#
##..##..#### #(@.#
##>.##.....##
###.###..###.....#
#.##....<.<.....##
##.##.....##.....#.
##.##......##.......
#.÷.#......##.......
##.##......##......#
#........(#########
###########


You could see a two-headed ogre.

Vanquished Creatures
  Prince Ribbit (D:7)
  Sigmund (D:2)
  A wraith (D:6)
  3 yaks (D:8)
  2 wyverns
  2 steam dragons
  4 vampire mosquitoes (D:8)
  3 water moccasins
  Duvessa (D:4)
  An acid dragon (D:8)
  5 ice beasts
  A hornet zombie (D:8)
  2 orc warriors
  3 ogres
  2 centaurs
  3 phantoms
  2 bullfrogs
  Dowan (D:4)
  A gnoll sergeant (D:6)
  2 scorpions
  A water moccasin skeleton (D:5)
  4 wights
  A howler monkey (D:8)
  2 electric eels (D:9)
  A bullfrog zombie (D:6)
  3 centaur zombies
  2 hounds (D:6)
  Crazy Yiuf (D:2)
  3 orc priests
  A bullfrog skeleton (D:4)
  A jelly (D:5)
  A centaur skeleton (D:7)
  Ijyb (D:4)
  2 iguanas
  5 orc wizards
  A hound zombie (D:5)
  2 howler monkey zombies
  6 gnolls
  5 adders
  2 shadow imps
  3 white imps
  An adder skeleton (D:5)
  2 worms (D:2)
  3 dart slugs
  21 orcs
  7 ball pythons
  10 endoplasms
  2 giant cockroaches (D:1)
  9 goblins
  5 hobgoblins
  5 quokkas
  7 bats
  3 frilled lizards
  6 kobolds
  5 rats
175 creatures vanquished.

Vanquished Creatures (others)
  A jelly (D:6)
  2 orc wizards
  4 fungi (D:2)
7 creatures vanquished.

Grand Total: 182 creatures vanquished

Notes
Turn   | Place    | Note
-------+----------+-------------------------------------------
     0 | D:1      | jlumianski the Deep Dwarf Fighter began the quest for the
                  | Orb.
     0 | D:1      | Reached XP level 1. HP: 20/20 MP: 1/1
    89 | D:1      | Reached XP level 2. HP: 22/27 MP: 2/2
   494 | D:1      | Found a faded altar of an unknown god.
   804 | D:2      | Reached XP level 3. HP: 22/34 MP: 3/3
   981 | D:2      | Noticed Sigmund
  1001 | D:2      | Killed Sigmund
  1002 | D:2      | Reached skill level 4 in Axes
  1002 | D:2      | Reached XP level 4. HP: 24/42 MP: 4/4
  1002 | D:2      | Reached XP level 5. HP: 28/49 MP: 5/5
  1126 | D:2      | Reached skill level 5 in Axes
  1530 | D:2      | You fall into a shaft and drop 2 floors!
  1678 | D:4      | Found a staircase to the Ecumenical Temple.
  1685 | Temple   | Entered the Ecumenical Temple
  1702 | Temple   | Became a worshipper of Makhleb the Destroyer
  1905 | D:2      | Found a runed translucent door.
  1906 | D:2      | Noticed Crazy Yiuf
  2038 | D:2      | Killed Crazy Yiuf
  2231 | D:3      | Reached XP level 6. HP: 23/56 MP: 6/6
  2272 | D:3      | Reached skill level 1 in Dodging
  2542 | D:3      | Found Ysytul's Armour Shop.
  2549 | D:3      | Bought a +0 helmet for 49 gold pieces
  2772 | D:4      | Noticed Ijyb
  2847 | D:4      | Killed Ijyb
  3085 | D:4      | Reached skill level 5 in Shields
  3085 | D:4      | Reached XP level 7. HP: 37/63 MP: 7/7
  3353 | D:4      | Noticed Duvessa
  3353 | D:4      | Noticed Dowan
  3402 | D:4      | Killed Duvessa
  3403 | D:4      | Reached skill level 5 in Armour
  3428 | D:4      | Killed Dowan
  3429 | D:4      | Reached skill level 1 in Short Blades
  3540 | D:5      | Entered Level 5 of the Dungeon
  3760 | D:5      | Reached skill level 6 in Axes
  3818 | D:5      | Reached * piety under Makhleb
  3855 | D:5      | HP: 1/64 [acid (6)]
  3970 | D:5      | Reached XP level 8. HP: 47/72 MP: 7/7
  4493 | D:5      | Reached skill level 1 in Slings
  5186 | D:6      | Gained mutation: You passively map the area around you.
                  | [Deep Dwarf growth]
  5186 | D:6      | Reached XP level 9. HP: 23/79 MP: 2/2
  5517 | D:7      | Identified a scroll of acquirement
  5517 | D:7      | Acquired a +2 pair of gloves of stealth
  5691 | D:7      | Reached skill level 7 in Axes
  5806 | D:7      | Found Powiff's Antique Armour Shop.
  5806 | D:7      | Noticed Prince Ribbit
  5854 | D:7      | Found Ceqahe's General Store.
  5873 | D:7      | Killed Prince Ribbit
  5963 | D:7      | Found a hide-covered altar of Uskayaw.
  5985 | D:7      | Reached skill level 1 in Throwing
  6075 | D:7      | Found Heuggeel's Distillery.
  6131 | D:7      | Reached skill level 5 in Fighting
  6150 | D:7      | Bought 2 potions of heal wounds for 160 gold pieces
  6231 | D:7      | Found Jur Fyll's Jewellery Emporium.
  6545 | D:8      | Reached ** piety under Makhleb
  6557 | D:8      | Reached skill level 5 in Dodging
  6870 | D:8      | HP: 1/81 [orc warrior (14)]
  7102 | D:8      | Reached skill level 1 in Stealth
  7113 | D:8      | Reached skill level 5 in Short Blades
  7128 | D:8      | Reached XP level 10. HP: 22/88 MP: 2/2
  7398 | D:8      | HP: 4/90 [steam dragon/ball of steam (9)]
  7710 | D:8      | Reached skill level 8 in Axes
  7869 | D:9      | Noticed a two-headed ogre
  7872 | D:9      | HP: 3/91 [two-headed ogre (9)]
  7872 | D:9      | Slain by a two-headed ogre

Illustrated notes

Levels and vault maps discovered:
D:1:      lemuel_arrival_funnel, layout_loops_ring,
          chequers_ecumenical_altar_simple_redux
D:2:      kennysheep_the_goblin_king, layout_rooms, serial_aquarium,
          aquarium_bridge_long_joined [aquarium_subvault_bridge,
          aquarium_subvault_window, aquarium_subvault_bridge,
          aquarium_subvault_wall, aquarium_subvault_window,
          aquarium_subvault_bridge], aquarium_bridge_straight
          [aquarium_subvault_bridge, aquarium_subvault_wall,
          aquarium_subvault_bridge, aquarium_subvault_wall], aquarium_window_1,
          aquarium_window_1, aquarium_window_fake, aquarium_window_fake,
          aquarium_view_2b, aquarium_balcony_3a, uniq_crazy_yiuf_cottage,
          uniq_sigmund
D:3:      layout_loops_ring, serial_shops, shop,
          minmay_fractal_squares_diagonal_5
D:4:      layout_loops_corners, minmay_temple_entry_enclosed_plants, uniq_ijyb,
          uniq_duvessa
D:5:      layout_rooms
D:6:      layout_gridville
D:7:      layout_loops_ring, nicolae_uskayaw_dance_hall, serial_shops,
          kennysheep_mini_moat, nicolae_stop_n_shop_1, shop,
          nicolae_shop_window_shopping, nicolae_benzene_ring,
          uniq_prince_ribbit1
D:8:      layout_loops_ring, mrwooster_statue_mirror
D:9:      minmay_twisted_water, layout_rooms, grunt_ogre_cave
Temple:   grunt_wide_crystal_templ

Skill      XL: |  1  2  3  4  5  6  7  8  9 10 |
---------------+-------------------------------+-----
Fighting       | 3 4 5 |  5.9
Axes           | 4 5 6 7 8 |  8.4
Shields        | 4 5 6 |  6.5
Armour         | 4 5 6 7 |  7.6
Dodging        | 1 2 3 5 6 |  6.4
Short Blades   | 1 2 5 |  5.4
Slings         | 1 2 |  2.9
Throwing       | 1 |  1.0
Stealth        | 1 2 |  2.0
Evocations     | |  0.8

Action                   |  1- 3 |  4- 6 |  7- 9 | 10-12 || total
-------------------------+-------+-------+-------+-------++-------
Melee: War axe           |    85 |   153 |   134 |   101 ||   473
       Dagger            |       |    99 |   629 |    15 ||   743
 Fire: Hunting sling     |       |       |    27 |       ||    27
Throw: Throwing net      |     1 |       |       |       ||     1
       Dart              |       |       |    10 |       ||    10
 Abil: Heal Wounds       |     1 |     5 |    21 |     5 ||    32
Evoke: Wand              |       |       |     4 |       ||     4
  Use: Potion            |       |     1 |     4 |     1 ||     6
       Scroll            |       |       |    13 |     2 ||    15
 Stab: Sleeping          |       |       |     2 |     2 ||     4
Armor: Scale mail        |    55 |    96 |    93 |       ||   244
       Acid dragon scale |       |       |   167 |    53 ||   220
Dodge: Dodged            |    36 |    60 |   251 |    65 ||   412
Block: Kite shield       |    46 |   125 |   417 |    64 ||   652
